 Dungeon Crawl Stone Soup version 0.18.1-50-g88ac8fd (webtiles) character file.

410 Gargoyl the Agent of Entropy (level 6, -7/48 HPs)
             Began as a Demonspawn Abyssal Knight on Oct 29, 2016.
             Was a Priest of Lugonu.
             Killed by divine providence
             ... invoked by an orc priest
              (13 damage)
             ... on level 4 of the Dungeon.
             The game lasted 00:08:00 (4769 turns).

Gargoyl the Agent of Entropy (DsAK)                 Turns: 4769, Time: 00:08:01

Health: -7/48      AC:  8    Str: 12 (14) XL:     6   Next: 58%
Magic:  9/9        EV: 19    Int: 11 (13) God:    Lugonu [***...]
Gold:   98         SH:  0    Dex: 16 (18) Spells: 0 memorised, 5 levels left

rFire  + . .     SeeInvis .     a - +1 hand axe
rCold  + . .     Gourm    .     h - +0 scale mail
rNeg   . . .     Faith    .     (no shield)
rPois  +         Spirit   .     (helmet restricted)
rElec  +         Dismiss  .     (no cloak)
rCorr  +         Reflect  .     (no gloves)
SustAt .         Harm     .     d - +0 pair of boots {Fly}
MR     .....                    (no amulet)
Stlth  +.........               (no ring)
                                m - +4 ring of evasion

@: agile, resistant, flying, not resistant to hostile enchantments, very
unstealthy
A: antennae 1, hooves 1, powered by death 1
a: Depart the Abyss, Bend Space, Banish, Renounce Religion


You were on level 4 of the Dungeon.
You worshipped Lugonu.
Lugonu was most pleased with you.
You were very hungry.

You visited 1 branch of the dungeon, and saw 4 of its levels.
You visited the Abyss 1 time.

You collected 98 gold pieces.

Inventory:

Hand Weapons
 a - a +1 hand axe (weapon)
Armour
 d - a +0 pair of boots of flying (worn)
 h - a +0 scale mail (worn)
Jewellery
 m - a +4 ring of evasion (left hand)
Wands
 x - a wand of slowing (28/48)
Scrolls
 b - 2 scrolls of identify
 e - 2 scrolls of enchant weapon {unknown}
 i - 2 scrolls of teleportation {unknown}
 j - 2 scrolls of random uselessness {unknown}
 n - a scroll of remove curse {unknown}
 q - a scroll of enchant armour {unknown}
 r - 2 scrolls of immolation {unknown}
 s - a scroll of magic mapping
 w - 2 scrolls of fear {unknown}
Potions
 v - a potion of lignification {unknown}
Comestibles
 c - 7 bread rations
 f - 3 meat rations
 g - a slice of pizza
 u - a beef jerky


   Skills:
 + Level 4.0 Fighting
 + Level 2.6 Axes
 * Level 3.8 Armour
 + Level 3.1 Dodging
 * Level 4.3 Invocations


You had 5 spell levels left.
You didn't know any spells.

Dungeon Overview and Level Annotations

Branches:
Dungeon (4/15)
 Temple: D:4-7

Altars:
Cheibriados
Qazlal
The Shining One


Innate Abilities, Weirdness & Mutations

You have a pair of small antennae on your head.
You have large cloven feet.
You regenerate a little health from kills.


Message History

It was a potion of flight.
You feel more buoyant. The orc priest hits you.
* * * LOW HITPOINT WARNING * * *
The orc priest looks braver for a moment.
Drink which item? (? for menu, Esc to quit)
It was a potion of agility.
You feel agile all of a sudden. The orc priest barely misses you.
The orc priest completely misses you.
Drink which item? (? for menu, Esc to quit)
It was a potion of resistance.
You feel protected. The orc priest misses you. x2
Drink which item? (? for menu, Esc to quit)
It was a potion of degeneration.
There was something very wrong with that liquid.
You feel weakened.
You feel dopey.
You feel clumsy.
The orc priest calls down the wrath of Beogh upon you.
Beogh smites you!
You die...

.....#..#.....#..# #.#
.....####.....#### #.#
.....#..#.....#{ #.#
[..))#†.#.....# #.#
...).#'####'####+######.#
#####)..............(...#
...................######
.###.........).)oo## .#
#.#'####'####@##
.###.#..#...{.#..#
.....#..#..o..#..#
.###.####..o..#### .#
#.#..#.....#..#
.###.#..'.....'..#
.....####'###'#### .#####
#..#..# .# #..#..#


You could see 2 orc priests.

Vanquished Creatures
  The ghost of sheala the Sneak, an amateur FeEn (D:3)
  A water moccasin skeleton (D:4)
  A hound (D:4)
  A giant frog skeleton (D:4)
  An orc priest (D:4)
  Robin (D:4)
  A gnoll (D:1)
  8 adders
  2 adder skeletons (D:4)
  A worm (D:3)
  3 dart slugs
  4 orcs
  6 ball pythons (D:4)
  6 giant cockroaches
  15 goblins
  19 hobgoblins
  2 jackals (D:2)
  9 kobolds
  13 bats
  A giant newt (D:1)
  A jackal skeleton (D:4)
  4 rats
101 creatures vanquished.

Vanquished Creatures (others)
  A hobgoblin (D:2)
1 creature vanquished.

Grand Total: 102 creatures vanquished

Notes
Turn   | Place    | Note
--------------------------------------------------------------
     0 | Abyss:1  | Gargoyl the Demonspawn Abyssal Knight began the quest for the Orb.
     0 | Abyss:1  | Reached XP level 1. HP: 18/18 MP: 2/2
    42 | Abyss:2  | Noticed a starcursed mass
    42 | D:1      | Escaped the Abyss
    94 | D:1      | Reached * piety under Lugonu
   112 | D:1      | Gained mutation: You have a pair of small antennae on your head. [demonic ancestry]
   112 | D:1      | Reached XP level 2. HP: 21/24 MP: 3/3
   382 | D:1      | Reached skill level 1 in Dodging
   686 | D:1      | Reached XP level 3. HP: 23/29 MP: 5/5
  1321 | D:1      | Reached ** piety under Lugonu
  1656 | D:2      | Reached XP level 4. HP: 17/35 MP: 6/6
  2813 | D:2      | Found a stormy altar of Qazlal.
  3361 | D:3      | Noticed sheala's ghost (amateur FeEn)
  3579 | D:3      | Killed sheala's ghost
  3579 | D:3      | Gained mutation: You regenerate a little health from kills. [demonic ancestry]
  3579 | D:3      | Reached XP level 5. HP: 20/41 MP: 7/7
  3755 | D:3      | Found a snail-covered altar of Cheibriados.
  3846 | D:3      | Found a glowing golden altar of the Shining One.
  4196 | D:4      | Noticed Robin
  4209 | D:4      | Gained mutation: You have large cloven feet. [demonic ancestry]
  4209 | D:4      | Reached XP level 6. HP: 41/48 MP: 7/9
  4223 | D:4      | Killed Robin
  4294 | D:4      | Reached *** piety under Lugonu
  4766 | D:4      | HP: 2/48 [orc priest (3)]
  4769 | D:4      | Killed from afar by an orc priest

Skill      XL: |  1  2  3  4  5  6 |
---------------+-------------------+-----
Axes           | 2 |  2.6
Armour         | 2 3 |  3.8
Dodging        | 1 2 3 |  3.1
Invocations    | 3 4 |  4.3
Fighting       | 4 |  4.0

Action                   |  1- 3 |  4- 6 || total
-------------------------+-------+-------++-------
Melee: Hand axe          |   117 |   277 ||   394
Invok: Depart the Abyss  |     1 |       ||     1
  Use: Scroll            |       |     3 ||     3
       Potion            |       |     4 ||     4
 Stab: Sleeping          |     1 |       ||     1
  Eat: Chunk             |     2 |     9 ||    11
       Fruit             |       |     1 ||     1
Armor: Leather armour    |    61 |       ||    61
       Ring mail         |       |    95 ||    95
       Scale mail        |       |     5 ||     5
Dodge: Dodged            |   111 |   294 ||   405
